 Dungeon Crawl Stone Soup version 0.25-a0-591-g2ad0d861f1 (webtiles) character file.

Game seed: 4555756771450672080, levelgen mode: deterministic

462 n0claF the Archer (level 6, -3/52 HPs)
             Began as a Centaur Hunter on Mar 13, 2020.
             Killed by divine providence
             ... invoked by an orc priest
              (14 damage)
             ... on level 4 of the Dungeon.
             The game lasted 00:12:19 (5839 turns).

n0claF the Archer (Centaur Hunter)                  Turns: 5839, Time: 00:12:20

Health: -3/52      AC:  5    Str: 16    XL:     6   Next: 79%
Magic:  6/6        EV: 10    Int: 10    God:
Gold:   227        SH:  0    Dex: 10    Spells: 5/5 levels left

rFire    . . .     SeeInvis .   b - +0 short sword
rCold    . . .     Gourm    .   (no shield)
rNeg     . . .     Faith    .   c - +1 leather armour
rPois    .         Spirit   .   (no helmet)
rElec    .         Reflect  .   (no cloak)
rCorr    .         Harm     .   (no gloves)
MR       .....                  (no barding)
Stlth    +.........             (no amulet)
HPRegen  0.17/turn              (no ring)
MPRegen  0.10/turn              (no ring)

@: very quick
A: large, hooves 3, deformed body, speed 2, tough skin 3
a: no special abilities


You were on level 4 of the Dungeon.
You were hungry.

You visited 1 branch of the dungeon, and saw 4 of its levels.

You collected 227 gold pieces.

Inventory:

Hand Weapons
 a - a +1 shortbow
 b - a +0 short sword (weapon)
Missiles
 d - an arrow
Armour
 c - a +1 leather armour (worn)
Jewellery
 q - an uncursed amulet of rage
   (You found it on level 3 of the Dungeon)
Scrolls
 g - 6 scrolls of identify {@r1}
 k - 3 scrolls of remove curse {@r2}
 o - 3 scrolls of teleportation {@r4}
Potions
 f - a potion of cancellation {unknown}
 i - a potion of brilliance {unknown}
 l - 2 potions of curing {unknown}
 n - a potion of haste {@q3}
Comestibles
 e - 6 rations {!d}


   Skills:
 + Level 4.0 Fighting
 * Level 8.5 Bows
 + Level 3.0 Dodging
 - Level 0.4 Stealth


You had 5 spell levels left.
You didn't know any spells.
Your spell library was empty.

Dungeon Overview and Level Annotations

Branches:
Dungeon (4/15)
 Temple: D:4-7

Altars:


Innate Abilities, Weirdness & Mutations

You have hooves in place of feet.
Armour fits poorly on your strangely shaped body.
You cover ground very quickly.
You have extremely tough skin. (AC +3)


Message History

The puff of flame hits you!
You barely miss the orc wizard. Your kick misses the orc wizard.
The orc wizard casts a spell at you. The magic dart hits you.
You closely miss the orc wizard. You kick the orc wizard.
The orc wizard hits you but does no damage.
Your leather armour prevents you from hitting the orc wizard.
The orc wizard hits you but does no damage.
You hit the orc wizard. Your kick misses the orc wizard.
The orc wizard barely misses you.
You hit the orc wizard. Your kick misses the orc wizard.
The orc wizard casts a spell at you. The puff of flame misses you.
The orc wizard casts a spell.
The orc wizard seems to speed up.
You hit the orc wizard but do no damage.
The orc wizard casts a spell at you. The puff of flame hits you!
* * * LOW HITPOINT WARNING * * *
You closely miss the orc wizard. You kick the orc wizard.
The orc wizard barely misses you. x2
You barely miss the orc wizard. Your kick misses the orc wizard.
The orc wizard hits you but does no damage.
The orc wizard begins to cast a cantrip, but forgets the words!
You closely miss the orc wizard. You kick the orc wizard.
You kill the orc wizard!
Your Fighting skill increases to level 4!
Your Dodging skill increases to level 3!
You start resting.
An orc comes into view. It is wielding a +0 club.
An orc is nearby!
The orc shouts!
Things that are here:
a +0 dagger; a +0 robe You hit the orc but do no damage.
The orc hits you with a +0 club.
* * * LOW HITPOINT WARNING * * *
You barely miss the orc. Your kick misses the orc.
The orc hits you with a +0 club.
* * * LOW HITPOINT WARNING * * *
You hit the orc but do no damage. The orc hits you with a +0 club.
* * * LOW HITPOINT WARNING * * *
You completely miss the orc. Your kick misses the orc.
The orc closely misses you.
An orc priest comes into view.
The orc priest shouts!
Things that are here:
a +0 dagger; a +0 robe The orc priest mumbles some strange prayers to Beogh against you.
Beogh smites you!
You die...

...#.#######.#.##############..#.
...#.# #.#.# #.........#.
...#+#######.#.#######.........#.
.............#.##............####
.............#.#....).....#......
#............#.#######.####..####
.....#######.#...............#
....## #.#########.###...# ###.##
#....@)o..o.# #...# ## #..#
#.########### #...###. ####.##
#.# #...#.'. ...#..######.##
#...#.#. ...'..........# #.....#.
...##.######..# ########.
...#..## #..# '.....o.. ...#...#
#..# ##..... ####.#.# #..# #.†...


You could see an orc priest and an orc.

Vanquished Creatures
  A scorpion (D:3)
  2 howler monkeys (D:4)
  A hound (D:3)
  An orc priest (D:4)
  An orc wizard (D:4)
  A worker ant (D:3)
  A hound zombie (D:4)
  2 gnolls (D:3)
  6 adders
  2 oozes (D:3)
  4 worms
  A dart slug (D:3)
  5 leopard geckos
  6 orcs
  5 giant cockroaches
  10 goblins
  8 hobgoblins
  9 jackals
  2 quokkas (D:2)
  4 ball pythons
  10 bats
  5 frilled lizards
  5 kobolds
  A leopard gecko skeleton (D:4)
  9 rats
102 creatures vanquished.

Vanquished Creatures (others)
  An orc wizard (D:4)
1 creature vanquished.

Grand Total: 103 creatures vanquished

Notes
Turn   | Place    | Note
-------+----------+-------------------------------------------
     0 | D:1      | n0claF the Centaur Hunter began the quest for the Orb.
     0 | D:1      | Reached XP level 1. HP: 17/17 MP: 1/1
   249 | D:1      | Reached XP level 2. HP: 24/24 MP: 2/2
   986 | D:2      | Reached skill level 6 in Bows
   986 | D:2      | Reached XP level 3. HP: 30/30 MP: 3/3
  1858 | D:2      | Reached XP level 4. HP: 37/37 MP: 4/4
  2943 | D:3      | Reached skill level 7 in Bows
  2943 | D:3      | Reached XP level 5. HP: 24/45 MP: 5/5
  4578 | D:4      | Reached XP level 6. HP: 51/51 MP: 6/6
  4627 | D:3      | HP: 2/51 [hound (1)]
  4636 | D:3      | Reached skill level 8 in Bows
  5839 | D:4      | Killed from afar by an orc priest

Levels and vault maps discovered:
D:1:      minmay_arrival_four_loops, layout_basic
D:2:      layout_loops_ring, first_ration, serial_forest,
          infiniplex_forest_clump_curved, infiniplex_forest_lined_4_way,
          infiniplex_forest_corner_1, infiniplex_forest_end_1,
          infiniplex_forest_straight_3, minmay_tromino_mix6
D:3:      layout_basic, mrwooster_statue_mirror, minmay_goblin_outpost
D:4:      layout_basic

Skill      XL: |  1  2  3  4  5  6 |
---------------+-------------------+-----
Bows           | 6 7 8 |  8.5
Dodging        | 2 3 |  3.0
Fighting       | 3 4 |  4.0
Stealth        | |  0.4

Action                   |  1- 3 |  4- 6 || total
-------------------------+-------+-------++-------
Melee: Short sword       |    36 |   263 ||   299
       Kick              |    10 |    49 ||    59
       Shortbow          |     9 |       ||     9
 Fire: Shortbow          |    88 |    28 ||   116
  Use: Scroll            |       |     6 ||     6
       Potion            |       |     2 ||     2
  Eat: Chunk             |     2 |    10 ||    12
Armor: Leather armour    |    39 |    96 ||   135
Dodge: Dodged            |    41 |   164 ||   205

Table legend:
 A = Non-vault XP
 B = Vault XP
 C = Vault XP percentage of total XP
 D = Non-vault monster count
 E = Vault monster count
 F = Vault count percentage of total count
                 A         B        C        D         E       F
            +---------+---------+-------+---------+---------+-------
      Total |     639 |      21 |   3.2 |      97 |       6 |   5.8
            +---------+---------+-------+---------+---------+-------
        D:1 |      28 |       0 |   0.0 |      19 |       0 |   0.0
        D:2 |      87 |      18 |  17.1 |      32 |       4 |  11.1
        D:3 |     249 |       3 |   1.2 |      25 |       2 |   7.4
        D:4 |     275 |       0 |   0.0 |      21 |       0 |   0.0
            +---------+---------+-------+---------+---------+-------
